 Dungeon Crawl Stone Soup version 0.31-a0-625-gc9c7e45f3f (webtiles) character file.

Game seed: 3744153413857400617

1066 MacCMillion the Ruffian (level 8, 0/54 HPs)
             Began as an Octopode Shapeshifter on Aug 24, 2023.
             Was an Initiate of Gozag.
             Slain by a steam dragon (4 damage)
             ... on level 6 of the Dungeon.
             The game lasted 00:08:15 (6861 turns).

MacCMillion the Ruffian (Octopode Shapeshifter)     Turns: 6861, Time: 00:08:16

Health: 0/54       AC:  1    Str: 16    XL:     8   Next: 28%
Magic:  8/8        EV: 14    Int: 11    God:    Gozag
Gold:   332        SH:  0    Dex: 12    Spells: 7/7 levels left

rFire   . .          .
                       - Unarmed
rCold   . . .        (no shield)
rNeg    . . .        (helmet currently unavailable)
rPois   +            r - amulet of the acrobat
rElec   .            y - ring of poison resistance
rCorr   .            (no ring)
SInv    .            (no ring)
Will    .....        (no ring)
Stlth   +++          (no ring)
HPRegen 0.29/turn    (no ring)
MPRegen 0.11/turn    (no ring)
                     (no ring)

%: acrobat
@: beast-form
A: beast (slay +1), almost no armour, amphibious, 8 rings, camouflage 1,
gelatinous body 1, (nimble swimmer 1), tentacles
a: Begin Untransformation, Renounce Religion, Potion Petition, Call Merchant,
Bribe Branch


You were on level 6 of the Dungeon.
You worshipped Gozag.
Gozag was aware of your devotion.
You were a hulking beast.
You visited 2 branches of the dungeon, and saw 7 of its levels.

You collected 415 gold pieces.
You paid 83 gold pieces to Gozag.

Inventory:

Missiles
 q - 8 poisoned darts
Jewellery
 r - an amulet of the acrobat (around mantle)
 x - a ring of fire
 y - a ring of poison resistance (left tentacle)
Talismans
 b - a beast talisman (active)
 c - a flux talisman
Wands
 u - a wand of flame (21)
 A - a wand of roots (6)
Scrolls
 d - a scroll of torment {unknown}
 e - 2 scrolls of poison {unknown}
 f - 3 scrolls of brand weapon {unknown}
 h - 5 scrolls of teleportation
 i - a scroll of fear {unknown}
 j - 3 scrolls of fog {unknown}
 k - a scroll of enchant armour {unknown}
 p - 6 scrolls of identify {unknown}
 B - a scroll of noise {unknown}
Potions
 a - a potion of lignification
 g - 2 potions of degeneration {unknown}
 l - a potion of cancellation {unknown}
 m - a potion of brilliance {unknown}
 n - 2 potions of curing {unknown}
 o - 2 potions of mutation {unknown}
 s - a potion of haste {unknown}
 t - a potion of magic {unknown}
 v - a potion of berserk rage {unknown}
 w - 2 potions of ambrosia {unknown}
 z - 2 potions of heal wounds {unknown}


   Skills:
 + Level 4.3 Fighting
 + Level 4.7 Dodging
 - Level 4.0 Stealth
 * Level 7.1 Unarmed Combat
 - Level 3.0 Shapeshifting


You had 7 spell levels left.
You didn't know any spells.
Your spell library contained the following spells:

 Spells                   Type           Power      Damage    Failure   Level
 Cigotuvi's Dreadful Rot  Necr/Pois/Air  0%         N/A       47%         2
 Vhi's Electric Charge    Tloc/Air       0%         N/A       71%         3
 Dispel Undead            Necr           0%         3d6       98%         4
 Arcjolt                  Conj/Air       0%         1d10      100%        5
 Death Channel            Necr           0%         N/A       100%        6
 Plasma Beam              Fire/Air       0%         2x1d10    100%        6


Dungeon Overview and Level Annotations

Branches:
Dungeon (6/15)             Temple (1/1) D:4

Altars:
Ashenzari
Cheibriados
Dithmenos
Elyvilon
Fedhas
Gozag
Hepliaklqana
Kikubaaqudgha
Nemelex Xobeh
Okawaru
Qazlal
Sif Muna
Trog
Vehumet
Wu Jian
Xom
Zin
The Shining One

Annotations:
D:2 exclusion: 2 gnolls
D:4 Natasha


Innate Abilities, Weirdness & Mutations

You are a hulking beast.
Your limbs bulge with bestial killing power. (Slay +1)
You cannot wear most types of armour.
You are amphibious.
You can wear up to eight rings at the same time.
Your skin changes colour to match your surroundings (Stealth+).
Your rubbery body absorbs attacks. (AC +1, EV +1)
((You are camouflaged when in or above water. (Stealth+)))
You have tentacles for arms and can constrict up to eight enemies at once.


Message History

Found a scroll labelled QAXEGR ER OTAE.
An adder is nearby!
An adder is nearby!
You start waiting.
A jelly is nearby!
The jelly quivers.
The jelly misses you.
The steam dragon hisses angrily.
The adder hisses angrily.
You tentacle-slap the jelly.
Your tentacles burn!
The jelly is moderately wounded.
The jelly hits you but does no damage. The steam dragon breathes steam at you.
The ball of steam hits you!!
Found 5 gold pieces.
The steam dragon closely misses you. The steam dragon completely misses you.
The jelly misses you.
You barely miss the steam dragon. The jelly closely misses you.
The steam dragon misses you. The steam dragon completely misses you.
You barely miss the steam dragon. You squeeze the steam dragon.
The steam dragon is lightly wounded.
The jelly hits you but does no damage. The steam dragon breathes steam at you.
The ball of steam hits you! The adder misses you.
You closely miss the steam dragon.
The steam dragon is lightly wounded.
You are engulfed in a cloud of scalding steam.
The adder misses you. The steam dragon closely misses you. x2
The jelly is engulfed in a cloud of scalding steam.
The jelly misses you.
You bludgeon the steam dragon!
The steam dragon is moderately wounded.
You are engulfed in a cloud of scalding steam.
* * * LOW HITPOINT WARNING * * *
The adder is engulfed in a cloud of scalding steam.
The adder bites you.
* * * LOW HITPOINT WARNING * * *
The steam dragon bites you.
* * * LOW HITPOINT WARNING * * *
The steam dragon claws you.
You die...
Your body crumbles into a pile of gold.

#########.### # #...# #
###.## ## #..##
.###########..#########
.......................
........#######.§#####
........# #....§J§...#
.)......# #.....h.§#.#
........# #....DS..#
........# #........#
######### #........#
#.......?# ####
#........# ...#
#........# ...#
#..$.....# ...#####


You could see a steam dragon (catching breath), a jelly and an adder.

Vanquished Creatures
  A sky beast (D:6)
  2 phantoms
  4 bullfrogs (D:6)
  2 hounds
  A gnoll bouda (D:5)
  2 orc priests (D:4)
  2 iguanas (D:6)
  2 orc wizards (D:4)
  Natasha (D:4)
  Terence (D:3)
  Robin (D:2)
  9 gnolls
  4 adders
  A white imp (D:5)
  2 ufetubi (D:4)
  An adder skeleton (D:4)
  A worm (D:2)
  2 dart slugs
  16 orcs
  4 bats
  6 endoplasms
  4 giant cockroaches
  11 hobgoblins
  3 jackals (D:4)
  2 quokkas
  8 ball pythons
  2 frilled lizards
  11 goblins
  3 kobolds
  5 rats
114 creatures vanquished.

Notes
Turn   | Place    | Note
-------+----------+-------------------------------------------
     0 | D:1      | MacCMillion the Octopode Shapeshifter began the quest for
                  | the Orb.
     0 | D:1      | Reached XP level 1. HP: 13/13 MP: 1/1
    57 | D:1      | Reached skill level 1 in Stealth
   423 | D:1      | Reached XP level 2. HP: 15/18 MP: 2/2
   791 | D:2      | Reached XP level 3. HP: 20/23 MP: 3/3
  1443 | D:3      | Found a faded altar of an unknown god.
  1452 | D:3      | Noticed Terence
  1554 | D:3      | Reached XP level 4. HP: 7/28 MP: 4/4
  1923 | D:3      | Killed Terence
  1974 | D:3      | Noticed Robin
  1976 | D:3      | Reached XP level 5. HP: 20/34 MP: 5/5
  2301 | D:3      | Reached skill level 4 in Unarmed Combat
  2524 | D:2      | Killed Robin
  2909 | D:3      | Identified the +9 quarterstaff of Disintegration {spect,
                  | rF+++}
  2967 | D:3      | Found a faded altar of an unknown god.
  2978 | D:3      | Found a sparkling altar of Nemelex Xobeh.
  3037 | D:3      | Found a faded altar of an unknown god.
  3628 | D:4      | Noticed a phantom
  3644 | D:4      | Killed a phantom
  3645 | D:4      | Reached XP level 6. HP: 14/41 MP: 6/6
  3830 | D:4      | Noticed Natasha
  3837 | D:4      | Killed Natasha
  3930 | D:4      | Reached skill level 5 in Unarmed Combat
  4291 | D:4      | Found a staircase to the Ecumenical Temple.
  4308 | Temple   | Entered the Ecumenical Temple
  4333 | D:4      | Noticed Natasha
  4716 | D:4      | Reached XP level 7. HP: 46/46 MP: 7/7
  4909 | D:5      | Entered Level 5 of the Dungeon
  5287 | D:5      | Found a radiant altar of Vehumet.
  5320 | D:5      | Found a blossoming altar of Fedhas.
  5599 | D:5      | Found an opulent altar of Gozag.
  5599 | D:5      | Found a glowing golden altar of the Shining One.
  5635 | D:5      | Became a worshipper of Gozag Ym Sagoz the Greedy
  5769 | D:5      | Reached skill level 6 in Unarmed Combat
  5941 | D:5      | Found an ornate altar of the Wu Jian Council.
  5942 | D:5      | Found a white marble altar of Elyvilon.
  5943 | D:5      | Found a bloodstained altar of Trog.
  6427 | D:6      | Found a hazy altar of Hepliaklqana.
  6462 | D:6      | Reached XP level 8. HP: 54/54 MP: 8/8
  6704 | D:6      | Reached skill level 7 in Unarmed Combat
  6861 | D:6      | Slain by a steam dragon

Illustrated notes

Levels and vault maps discovered:
D:1:      wander_arrival_peaceful_grave, layout_rooms, kennysheep_crisscross
D:2:      layout_basic, dreamdust_princess_corridor, corexii_hall_statues_u,
          minmay_misc_feat_columns
D:3:      layout_rooms, nicolae_overflow_ecumenical_swirl,
          basic_ecumenical_altar, hangedman_decor_points,
          guppyfry_early_lair_pool, uniq_robin, uniq_terence
D:4:      layout_loops_corners, temple_pool_b, serial_undead, serial_undead_c,
          serial_undead_f, serial_undead_c, serial_undead_e, uniq_natasha
D:5:      layout_loops_ring, nicolae_vehumet_altar_sigil, lemuel_crystal_altar,
          minitemple
D:6:      layout_basic, overflow_temple_1_default
Temple:   nicolae_temple_ecumenical_triangle

Skill      XL: |  1  2  3  4  5  6  7  8 |
---------------+-------------------------+-----
Stealth        | 2 3 4 |  4.0
Unarmed Combat | 4 5 6 7 |  7.1
Fighting       | 2 3 4 |  4.3
Dodging        | 3 4 |  4.7
Shapeshifting  | |  3.0

Action                     |  1- 3 |  4- 6 |  7- 9 || total
---------------------------+-------+-------+-------++-------
  Melee: Unarmed           |    63 |   117 |    75 ||   255
         Constrict         |    20 |    32 |    16 ||    68
         Tentacles         |    13 |    28 |    17 ||    58
         Punch             |     1 |     3 |     5 ||     9
    Use: Scroll            |       |       |     1 ||     1
   Stab: Sleeping          |     4 |     9 |     3 ||    16
         Distracted        |       |       |     1 ||     1
 Armour: Skin              |     7 |     7 |     4 ||    18
  Dodge: Dodged            |    31 |    67 |    46 ||   144

Table legend: (Time is in decaauts)
 A = Elapsed time spent in this place.
 B = Non-inter-level travel time spent in this place.
 C = Inter-level travel time spent in this place.
 D = Time resting spent in this place.
 E = Time spent auto-exploring this place.
 F = Levels seen in this place.
 G = Mean time per level.
                   A        B        C        D        E       F      G
               +--------+--------+--------+--------+--------+-----+--------+
         Total |   6842 |   6594 |    248 |   2175 |   3313 |   7 |  977.4 |
       Dungeon |   6830 |   6582 |    248 |   2175 |   3313 |   6 | 1138.3 |
        Temple |     11 |     11 |      0 |      0 |      0 |   1 |   11.0 |
               +--------+--------+--------+--------+--------+-----+--------+

Top non-repeatable levels by time:
     D:4: 1570 daAuts
     D:2: 1390 daAuts
     D:3: 1340 daAuts
     D:5: 1079 daAuts
     D:6: 816 daAuts
     D:1: 633 daAuts
  Temple: 11 daAuts
